 Dungeon Crawl Stone Soup version 0.29.1 (webtiles) character file.

Game seed: 9923567127313775671

65 xian the Sneak (level 3, -5/28 HPs)
             Began as a Demonspawn Brigand on Sept 13, 2022.
             Slain by an iron imp (10 damage)
             ... summoned by Natasha
             ... on level 2 of the Dungeon.
             The game lasted 00:02:20 (2092 turns).

xian the Sneak (Demonspawn Brigand)                 Turns: 2092, Time: 00:02:21

Health: -5/28      AC:  3    Str: 13    XL:     3   Next: 94%
Magic:  3/3        EV: 12    Int: 12    God:
Gold:   108        SH:  0    Dex: 14    Spells: 2/2 levels left

rFire   . . .      SeeInvis .   a - +2 dagger
rCold   . . .      Faith    .   (no shield)
rNeg    . . .      Spirit   .   b - +0 robe
rPois   .          Reflect  .   (helmet restricted)
rElec   .          Harm     .   c - +0 cloak
rCorr   .          Rampage  .   (no gloves)
Will    .....                   (no boots)
Stlth   +++.......              (no amulet)
HPRegen 0.09/turn               (no ring)
MPRegen 0.08/turn               (no ring)

@: slowed, very slow
A: antennae 1
a: no special abilities


You were on level 2 of the Dungeon.
You visited 1 branch of the dungeon, and saw 2 of its levels.

You collected 108 gold pieces.

Inventory:

Hand Weapons
 a - a +2 dagger (weapon)
Missiles
 d - 9 poisoned darts (quivered)
 e - 3 curare-tipped darts
 t - 2 silver boomerangs
Armour
 b - a +0 robe (worn)
 c - a +0 cloak (worn)
Wands
 r - a wand of digging (2)
Scrolls
 h - a scroll of blinking {unknown}
 i - a scroll of acquirement {unknown}
 j - 3 scrolls of identify {unknown}
 k - a scroll of enchant armour {unknown}
 l - a scroll of butterflies {unknown}
 m - a scroll of summoning {unknown}
 n - a scroll of teleportation {unknown}
 o - a scroll of vulnerability {unknown}
 p - a scroll of immolation {unknown}
Potions
 f - a potion of brilliance {unknown}
 g - a potion of resistance {unknown}
 q - 2 potions of flight {unknown}
 s - a potion of curing {unknown}


   Skills:
 + Level 2.6 Fighting
 + Level 2.5 Short Blades
 + Level 1.9 Throwing
 + Level 1.5 Dodging
 + Level 4.1 Stealth


You had 2 spell levels left.
You didn't know any spells.
Your spell library was empty.

Dungeon Overview and Level Annotations

Branches:
Dungeon (2/15)

Altars:

Annotations:
D:2 1 runed translucent door, Crazy Yiuf, Natasha


Innate Abilities, Weirdness & Mutations

You have a pair of small antennae on your head.


Message History

Found a stone staircase leading up.
There is an open door here.
You miss Natasha. Natasha claws you.
You hit Natasha.
Natasha is lightly wounded.
Natasha mumbles some strange words.
You barely miss Natasha.
Natasha is lightly wounded.
Natasha claws you.
You barely miss Natasha.
Natasha is lightly wounded.
Natasha claws you but does no damage.
You barely miss Natasha.
Natasha is lightly wounded.
Natasha claws you.
You closely miss Natasha.
Natasha is lightly wounded.
Natasha closely misses you.
You closely miss Natasha.
The iron imp hits you but does no damage.
Natasha casts a spell.
You hit Natasha but do no damage. The iron imp barely misses you.
Natasha casts a spell.
You barely miss Natasha. The iron imp hits you!
You hit Natasha.
Natasha is moderately wounded.
Natasha mumbles some strange words.
Natasha shimmers violently.
Natasha closely misses you.
Unknown command.
You hit Natasha.
Natasha is heavily wounded.
Natasha casts a spell at you.
You feel yourself slow down.
The crimson imp blinks!
You hit Natasha but do no damage.
Natasha is heavily wounded.
Natasha claws you!
* * * LOW HITPOINT WARNING * * *
The iron imp hits you!
You die...

####### ####### #.....#
#..<..## ###.....#
.......# ........#
#......+ ###.....#{
#......# ##.#.##
#.....# #.### #5h§.#
#.# #5@.# #.# ##'## #†#
#.# #.# #.#
####.###########.##
..................##
.###.###..####.....#
#.# #..# ##...##
#.###..######..######.#


You could see 2 iron imps and Natasha.

Vanquished Creatures
  Jessica (D:2)
  A worm (D:2)
  3 ball pythons
  3 endoplasms (D:1)
  2 goblins (D:1)
  5 hobgoblins
  7 jackals (D:1)
  A quokka (D:1)
  3 bats
  A frilled lizard (D:1)
  4 kobolds
  A rat (D:1)
32 creatures vanquished.

Notes
Turn   | Place    | Note
-------+----------+-------------------------------------------
     0 | D:1      | xian the Demonspawn Brigand began the quest for the Orb.
     0 | D:1      | Reached XP level 1. HP: 16/16 MP: 1/1
   517 | D:1      | Gained mutation: You have a pair of small antennae on your
                  | head. [demonic ancestry]
   517 | D:1      | Reached XP level 2. HP: 22/22 MP: 2/2
   534 | D:1      | Reached skill level 1 in Dodging
  1170 | D:1      | Reached skill level 4 in Stealth
  1242 | D:1      | Reached XP level 3. HP: 28/28 MP: 3/3
  1558 | D:2      | Noticed Jessica
  1567 | D:2      | Killed Jessica
  1741 | D:2      | Found a runed translucent door.
  1742 | D:2      | Noticed Crazy Yiuf
  2077 | D:2      | Noticed Natasha
  2092 | D:2      | Slain by an iron imp

Illustrated notes

Levels and vault maps discovered:
D:1:      ebering_hopf_link, layout_loops_ring
D:2:      mumra_celtic_spiral_tile, layout_loops_corners,
          grunt_decor_resistance, uniq_crazy_yiuf_cottage, uniq_natasha,
          uniq_jessica

Skill      XL: |  1  2 |
---------------+-------+-----
Short Blades   | 2 |  2.5
Dodging        | 1 |  1.5
Stealth        | 4 |  4.1
Fighting       | |  2.6
Throwing       | |  1.9

Action                   || total
-------------------------++-------
Melee: Dagger            ||   122
 Stab: Sleeping          ||     6
Armor: Robe              ||    31
Dodge: Dodged            ||    86
